[Event "Titled Tuesday Blitz July 20 2021"]
[White "Kazakov, Mikhail"]
[Black "Perez Gormaz, Matias"]
[WhiteFideId "14102749"]
[BlackFideId "3406342"]
[WhiteElo "2373"]
[BlackElo "2414"]
[Result "1-0"]
[Round "02"]
[TimeControl "180+1"]
[Date "2021.07.21"]
[WhiteClock "0:00:11"]
[BlackClock "0:00:04"]

1. d4 d5 2. c4 e6 3. Nc3 Bb4 4. Nf3 dxc4 5. e3 b5 6. Bd2 c6 7. a4 a5 8. axb5 Bxc3 9. Bxc3 cxb5 10. b3 Bb7 11. bxc4 b4 12. Bb2 Nf6 13. Bd3 O-O 14. O-O Nbd7 15. Nd2 e5 16. d5 Nc5 17. Nb3 Nxb3 18. Qxb3 Nd7 19. Qc2 h5 20. Rab1 Qc7 21. Ba1 Nc5 22. Be2 g6 23. f4 Rae8 24. f5 Qd6 25. e4 Qf6 26. fxg6 Qxg6 27. Bf3 Bc8 28. Rbe1 a4 29. Qe2 Bg4 30. Qe3 Nb3 31. Bxg4 hxg4 32. Rf5 f6 33. c5 Rb8 34. c6 Nxa1 35. Rxa1 b3 36. c7 b2 37. Rb1 Rb3 38. Qc5 Qe8 39. d6 a3 40. Qd5+ Qf7 41. Rxf6 a2 42. Rxf7 Rxf7 43. c8=Q+ Kg7 44. Qxg4+ Kh6 45. Qh4+ Kg6 46. Qg4+ Kh6 47. Qde6+ 1-0


[Site "https://www.chess.com"]

[Event "Titled Tuesday Blitz July 20 2021"]
[White "Khalafova, Narmin"]
[Black "Gusarov, Grigory"]
[WhiteFideId "13402625"]
[BlackFideId "24102172"]
[WhiteElo "2109"]
[BlackElo "2269"]
[Result "0-1"]
[Round "02"]
[TimeControl "180+1"]
[Date "2021.07.21"]
[WhiteClock "0:00:30"]
[BlackClock "0:01:41"]

1. e4 c6 2. Nc3 d5 3. Nf3 Bg4 4. h3 Bxf3 5. Qxf3 e6 6. d3 Nd7 7. Bd2 Ngf6 8. g4 h6 9. O-O-O Bb4 10. Kb1 Qe7 11. h4 h5 12. g5 Ng4 13. Qg2 d4 14. Ne2 Bxd2 15. Rxd2 e5 16. f4 exf4 17. Nxf4 Nde5 18. Be2 Ne3 19. Qh3 g6 20. Rc1 Qd7 21. Qxd7+ Kxd7 22. c3 c5 23. cxd4 cxd4 24. Bd1 Rhc8 25. Ba4+ Kd6 26. Rf2 Rxc1+ 27. Kxc1 Rc8+ 28. Kd2 a6 29. Ne2 b5 30. Bb3 N3g4 31. Rf1 Ke7 32. Nf4 Ne3 33. Ne2 Nxf1+ 0-1


[Site "https://www.chess.com"]

[Event "Titled Tuesday Blitz July 20 2021"]
[White "Khusnutdinov, Rustam"]
[Black "Gontcharov, Vladislav"]
[WhiteFideId "13701703"]
[BlackFideId "4123492"]
[WhiteElo "2571"]
[BlackElo "2503"]
[Result "1-0"]
[Round "02"]
[TimeControl "180+1"]
[Date "2021.07.20"]
[WhiteClock "0:01:20"]
[BlackClock "0:00:35"]

1. d4 Nf6 2. c4 c5 3. d5 e6 4. Nc3 exd5 5. cxd5 d6 6. Nf3 g6 7. Bf4 a6 8. a4 Bg7 9. h3 O-O 10. e3 Re8 11. Be2 Ne4 12. Nxe4 Rxe4 13. Nd2 Rxf4 14. exf4 Bxb2 15. Rb1 Bg7 16. O-O Nd7 17. Nc4 Nf6 18. Bf3 Rb8 19. a5 Bf5 20. Rb6 Ne8 21. Re1 Bf8 22. Qe2 Nc7 23. Ne3 Bd7 24. f5 Nb5 25. fxg6 hxg6 26. Nc4 Nd4 27. Qd1 Bb5 28. Na3 Qd7 29. Bg4 f5 30. Bf3 Ba4 31. Qd3 Bb5 32. Qe3 Kh7 33. Bd1 Qf7 34. Nc2 Nxc2 35. Bxc2 Bd7 36. Qb3 Bb5 37. Bd3 Be8 38. Bxa6 Qf6 39. Rxb7+ Rxb7 40. Qxb7+ Bf7 41. Bf1 Kg8 42. a6 Qd4 43. Rc1 Bxd5 44. Qxd5+ 1-0


[Site "https://www.chess.com"]

[Event "Titled Tuesday Blitz July 20 2021"]
[White "Kilpatrick, Callum"]
[Black "Tanenbaum, Zachary"]
[WhiteFideId "414425"]
[BlackFideId "2060850"]
[WhiteElo "2465"]
[BlackElo "2743"]
[Result "0-1"]
[Round "02"]
[TimeControl "180+1"]
[Date "2021.07.21"]
[WhiteClock "0:00:38"]
[BlackClock "0:00:09"]

1. e4 e5 2. Nf3 Nc6 3. Bb5 a6 4. Ba4 d6 5. O-O Nf6 6. Re1 Be7 7. c3 O-O 8. d4 b5 9. Bb3 Bb7 10. Nbd2 h6 11. h3 Re8 12. Nf1 Bf8 13. Ng3 Na5 14. Bc2 c5 15. d5 Nc4 16. a4 Nb6 17. a5 Nc4 18. b4 Rc8 19. Nf5 Qd7 20. g4 Nh7 21. Bd3 cxb4 22. cxb4 Rc7 23. Nh2 Rec8 24. Nf1 g6 25. Nxh6+ Bxh6 26. Bxh6 Nb2 27. Qd2 Nxd3 28. Qxd3 Rc3 29. Qd2 Rxh3 30. Ne3 Rxh6 31. Kg2 Ng5 32. Nf5 Rh2+ 33. Kg3 Rh3+ 34. Kg2 Nf3 35. Qe2 Nxe1+ 36. Kxh3 Rc3+ 37. Ne3 Nd3 38. Qd2 Nf4+ 39. Kg3 Kg7 40. Rh1 Qc8 41. f3 Rc1 42. Rh4 Rg1+ 43. Kh2 Qc1 44. Qf2 Rh1+ 45. Kg3 Rxh4 46. Kxh4 Qh1+ 47. Kg3 Qh3# 0-1


[Site "https://www.chess.com"]

[Event "Titled Tuesday Blitz July 20 2021"]
[White "Kobalia, Mikhail"]
[Black "Najdin, Danil"]
[WhiteFideId "4119150"]
[BlackFideId "4172426"]
[WhiteElo "2569"]
[BlackElo "2193"]
[Result "1-0"]
[Round "02"]
[TimeControl "180+1"]
[Date "2021.07.20"]
[WhiteClock "0:01:34"]
[BlackClock "0:00:45"]

1. e4 e5 2. Nf3 Nc6 3. Bb5 a6 4. Ba4 Nf6 5. O-O b5 6. Bb3 Bc5 7. c3 d6 8. d4 Bb6 9. Be3 Bg4 10. Nbd2 exd4 11. cxd4 Nxd4 12. e5 dxe5 13. Bxf7+ Kf8 14. Bxd4 Bxd4 15. Bb3 e4 16. h3 Bxf3 17. gxf3 Qd7 18. Nxe4 Nxe4 19. fxe4 Re8 20. Qf3+ Bf6 21. Rad1 Qc6 22. Rfe1 g6 23. Bd5 Qb6 24. e5 1-0


[Site "https://www.chess.com"]

[Event "Titled Tuesday Blitz July 20 2021"]
[White "Koridze, Lile"]
[Black "Quintiliano Pinto, Renato R."]
[WhiteFideId "13612514"]
[BlackFideId "2117568"]
[WhiteElo "1978"]
[BlackElo "2439"]
[Result "0-1"]
[Round "02"]
[TimeControl "180+1"]
[Date "2021.07.21"]
[WhiteClock "0:02:07"]
[BlackClock "0:01:23"]

1. d4 d5 2. c4 c6 3. cxd5 cxd5 4. Bf4 Nf6 5. Nc3 Nc6 6. e3 a6 7. Nf3 Bg4 8. Be2 Bxf3 9. Bxf3 e6 10. O-O h6 11. h3 Bd6 12. Qd2 O-O 13. Rac1 Bxf4 14. exf4 Qb6 15. Rfd1 Rfc8 16. f5 Re8 17. Qf4 Qxb2 18. Na4 Qb4 19. Nc5 e5 20. Qg3 e4 21. Rb1 Qa3 22. Rxb7 Nxd4 23. Qc7 Nxf3+ 24. gxf3 Rf8 25. fxe4 Qxh3 26. exd5 Qg4+ 0-1


[Site "https://www.chess.com"]

[Event "Titled Tuesday Blitz July 20 2021"]
[White "Krallis, Christos"]
[Black "Siva Mahadevan"]
[WhiteFideId "4298896"]
[BlackFideId "25043153"]
[WhiteElo "2193"]
[BlackElo "2203"]
[Result "0-1"]
[Round "02"]
[TimeControl "180+1"]
[Date "2021.07.20"]
[WhiteClock "0:00:02"]
[BlackClock "0:00:18"]

1. d4 Nf6 2. c4 e6 3. Nf3 d5 4. Nc3 c6 5. e3 Nbd7 6. Qc2 Bd6 7. Bd3 O-O 8. e4 dxe4 9. Nxe4 Nxe4 10. Bxe4 f5 11. Bd3 c5 12. d5 exd5 13. cxd5 Re8+ 14. Kf1 g6 15. Bg5 Qc7 16. h4 h5 17. g3 Nf8 18. Kg2 Bd7 19. Rae1 Nh7 20. Qc1 b5 21. b3 Qb7 22. Rd1 Rac8 23. Bf4 Bf8 24. Ne5 Rxe5 25. Bxe5 Qxd5+ 26. f3 Qxe5 27. Rhe1 Qc7 28. a4 a6 29. axb5 axb5 30. Bb1 Bg7 31. Qd2 Bc6 32. Re6 Nf8 33. Rd6 Bd4 34. Qf4 Qe7 35. b4 Qe2+ 36. Kh3 Bxf3 37. Ba2+ Kh7 38. Rg1 Bg4+ 0-1


[Site "https://www.chess.com"]

[Event "Titled Tuesday Blitz July 20 2021"]
[White "Kretov, Evgenij"]
[Black "Meissner, Felix"]
[WhiteFideId "4167821"]
[BlackFideId "24671827"]
[WhiteElo "2400"]
[BlackElo "2390"]
[Result "1-0"]
[Round "02"]
[TimeControl "180+1"]
[Date "2021.07.21"]
[WhiteClock "0:00:20"]
[BlackClock "0:00:09"]

1. d4 g6 2. c4 Bg7 3. Nc3 d6 4. e4 Nc6 5. Be3 e5 6. d5 Nce7 7. Qd2 f5 8. f3 Nf6 9. h3 O-O 10. Bd3 Nh5 11. Nge2 f4 12. Bf2 g5 13. O-O-O Ng6 14. c5 Nh4 15. Rhg1 a6 16. cxd6 cxd6 17. Na4 b5 18. Nb6 Rb8 19. Nxc8 Rxc8+ 20. Kb1 Qd7 21. Qa5 Qb7 22. Rc1 Bf6 23. a4 bxa4 24. Bxa6 Rxc1+ 25. Nxc1 Qa8 26. Qxa4 Rb8 27. Qc6 Ng3 28. Qxa8 Rxa8 29. Bb7 Rb8 30. Bc6 Bd8 31. Ba7 Bb6 32. Bxb8 Bxg1 33. Bxd6 Nxg2 34. Bxe5 Ne1 35. d6 Nxf3 36. d7 Bb6 37. Bf6 Nd2+ 38. Kc2 f3 39. Nd3 Ndxe4 40. d8=Q+ Bxd8 41. Bxd8 f2 42. Nxf2 Nxf2 43. b4 Nf5 44. Kc3 Nd1+ 45. Kc4 Nde3+ 46. Kc5 g4 47. hxg4 Nxg4 48. b5 Ne5 49. b6 Nd3+ 50. Kc4 Ne5+ 51. Kd5 Nf7 52. b7 Nxd8 53. b8=Q Ne7+ 54. Kd6 Nxc6 55. Qb5 Kg7 56. Qg5+ Kf7 57. Kd7 Kf8 58. Qh6+ Kf7 59. Qxh7+ Kf6 60. Qh5 Kg7 61. Qf5 Kh6 62. Qf4+ Kg6 63. Ke8 Kg7 64. Qg5+ Kh7 65. Qf6 Kg8 66. Qg6+ Kh8 67. Kf8 Ne7 1-0


[Site "https://www.chess.com"]

[Event "Titled Tuesday Blitz July 20 2021"]
[White "Krishnakumar, Sriram"]
[Black "Bartel, Michal"]
[WhiteFideId "30915856"]
[BlackFideId "1119257"]
[WhiteElo "2197"]
[BlackElo "2271"]
[Result "0-1"]
[Round "02"]
[TimeControl "180+1"]
[Date "2021.07.21"]
[WhiteClock "0:00:55"]
[BlackClock "0:02:04"]

1. e4 e5 2. Nf3 Nc6 3. d4 exd4 4. Nxd4 g6 5. Nc3 Bg7 6. Be3 Nf6 7. Bc4 O-O 8. O-O Re8 9. f3 d5 10. Nxd5 Nxd5 11. Bxd5 Nxd4 12. Bxd4 Bxd4+ 13. Qxd4 c6 14. Rad1 cxd5 15. exd5 Qb6 16. c4 Qxd4+ 17. Rxd4 Re2 18. Rf2 Rxf2 19. Kxf2 Bd7 20. c5 a5 21. a3 f5 22. h4 Kf7 23. Kg3 Kf6 24. f4 Re8 25. Kf3 Re1 26. b4 a4 27. c6 bxc6 28. dxc6 Bxc6+ 29. Kf2 Re6 30. Rd8 Re4 31. Rd6+ Re6 32. Rd8 Ke7 33. Rh8 h5 34. Rg8 Rd6 35. Rc8 Kd7 36. Rg8 Rd2+ 37. Ke3 Rxg2 38. Rg7+ Kd6 39. Kd4 Rg3 40. Kc4 Bd5+ 41. Kb5 Rxa3 42. Rxg6+ Be6 43. Ka5 Ra1 44. b5 a3 45. b6 Rb1 46. Ka6 a2 0-1


[Site "https://www.chess.com"]

[Event "Titled Tuesday Blitz July 20 2021"]
[White "Kubatko, Ivan"]
[Black "Moroni, Luca Jr"]
[WhiteFideId "24111473"]
[BlackFideId "865834"]
[WhiteElo "2478"]
[BlackElo "2759"]
[Result "0-1"]
[Round "02"]
[TimeControl "180+1"]
[Date "2021.07.21"]
[WhiteClock "0:00:02"]
[BlackClock "0:00:08"]

1. e4 e5 2. Nf3 Nc6 3. Bb5 a6 4. Ba4 Nf6 5. d3 b5 6. Bb3 Bc5 7. c3 d6 8. h3 O-O 9. O-O h6 10. Nbd2 Bb6 11. Re1 Ne7 12. d4 Ng6 13. Nf1 Bb7 14. Ng3 Re8 15. Bc2 c5 16. dxc5 dxc5 17. Be3 Qc7 18. Qc1 c4 19. Bxh6 gxh6 20. Qxh6 Bc5 21. Nf5 Bf8 22. Qg5 Nh7 23. Qg3 Rad8 24. h4 Kh8 25. Ng5 Rd2 26. Bd1 Nf4 27. Bg4 f6 28. Nf3 Rd3 29. Rad1 Red8 30. Rxd3 cxd3 31. Ne3 Qg7 32. Qh3 Bc5 33. Nf5 Qf8 34. h5 d2 35. Rd1 Bxe4 36. N3h4 Qf7 37. Ng6+ Nxg6 38. hxg6 Qxg6 39. Ng3 Bc2 40. Bf5 Bxf5 41. Nxf5 Qg5 42. Ng3 Qf4 43. Ne2 Qxf2+ 44. Kh2 Qxe2 0-1


[Site "https://www.chess.com"]

[Event "Titled Tuesday Blitz July 20 2021"]
[White "Lagunow, Raphael"]
[Black "Megaranto, Susanto"]
[WhiteFideId "24652644"]
[BlackFideId "7101384"]
[WhiteElo "2462"]
[BlackElo "2738"]
[Result "1-0"]
[Round "02"]
[TimeControl "180+1"]
[Date "2021.07.21"]
[WhiteClock "0:00:02"]
[BlackClock "0:00:05"]

1. e4 c6 2. d4 d5 3. e5 Bf5 4. Nd2 e6 5. Nb3 Nd7 6. Nf3 Ne7 7. a4 h6 8. a5 a6 9. Be2 c5 10. dxc5 Nc6 11. Be3 Ndxe5 12. Nxe5 Nxe5 13. O-O Be7 14. Bd4 Bf6 15. f4 Nc6 16. c3 O-O 17. Qd2 Bh7 18. Bxf6 Qxf6 19. Nd4 Qe7 20. b4 Be4 21. Bf3 f5 22. Rae1 Qf6 23. Rd1 Kh8 24. Bxe4 fxe4 25. f5 e5 26. Ne6 Rad8 27. Nxd8 Rxd8 28. Qe3 Kh7 29. Rd2 Qh4 30. Re1 Qf6 31. Red1 Qf7 32. c4 d4 33. Qxe4 Qxc4 34. f6+ g6 35. Rd3 Qf7 36. Rf3 Re8 37. Rdf1 Nxb4 38. Rh3 Nc6 39. Qh4 Qf8 40. Qe4 Re6 41. f7 Nd8 42. Rhf3 Re7 43. Rf6 1-0


[Site "https://www.chess.com"]

[Event "Titled Tuesday Blitz July 20 2021"]
[White "Langner, Ladislav"]
[Black "Siniauski, Artsiom"]
[WhiteFideId "300403"]
[BlackFideId "13512269"]
[WhiteElo "2346"]
[BlackElo "2210"]
[Result "0-1"]
[Round "02"]
[TimeControl "180+1"]
[Date "2021.07.21"]
[WhiteClock "0:00:01"]
[BlackClock "0:00:11"]

1. e4 e6 2. d4 d5 3. e5 c5 4. c3 Qb6 5. Nf3 Bd7 6. a3 Bb5 7. c4 Bxc4 8. Bxc4 dxc4 9. Nbd2 Qb5 10. Qe2 Nc6 11. Nxc4 Qb3 12. d5 exd5 13. Nd6+ Bxd6 14. exd6+ Kd7 15. O-O Re8 16. Qd2 Nf6 17. Qg5 Qd3 18. Qxg7 Qg6 19. Bh6 Rhg8 20. Qxg6 hxg6 21. Rac1 b6 22. Ng5 Nd8 23. b4 Ng4 24. Nh7 Nxh6 25. Nf6+ Kxd6 26. bxc5+ bxc5 27. Rfd1 d4 28. f3 Re2 29. Rb1 Rh8 30. Rb8 Nf5 31. Rdb1 Ne3 32. Ne4+ Ke5 33. Nf2 f5 34. Rc8 Kd5 35. g3 Nf7 36. Rxh8 Nxh8 37. Nd3 Rg2+ 38. Kh1 Ra2 39. Nf4+ Kd6 0-1


[Site "https://www.chess.com"]

[Event "Titled Tuesday Blitz July 20 2021"]
[White "Leitao, Rafael"]
[Black "Grochal, Joey"]
[WhiteFideId "2101246"]
[BlackFideId "1019945"]
[WhiteElo "2730"]
[BlackElo "2461"]
[Result "1/2-1/2"]
[Round "02"]
[TimeControl "180+1"]
[Date "2021.07.21"]
[WhiteClock "0:00:31"]
[BlackClock "0:00:07"]

1. c4 e6 2. g3 d5 3. Bg2 Nf6 4. Nf3 Be7 5. O-O O-O 6. b3 c5 7. cxd5 Nxd5 8. Bb2 Nc6 9. Nc3 Nxc3 10. Bxc3 Bf6 11. Rc1 Nd4 12. e3 Nxf3+ 13. Bxf3 Be7 14. d4 cxd4 15. Qxd4 Qxd4 16. Bxd4 Rd8 17. Rfd1 a5 18. Bb6 Rxd1+ 19. Rxd1 a4 20. b4 Kf8 21. a3 Ra6 22. Bc5 Bxc5 23. Rd8+ Ke7 24. Rxc8 Bd6 25. Bxb7 Ra7 26. Bc6 Rc7 27. Rxc7+ Bxc7 28. Bxa4 Kd6 29. Bc2 h6 30. Kf1 Kd5 31. Bb3+ Kc6 32. Ke2 Be5 33. Kd3 Bb2 34. a4 Bc1 35. a5 g5 36. Kc4 Bd2 37. b5+ Kb7 38. a6+ Kb6 39. Bc2 Be1 40. f4 f6 41. f5 exf5 42. Bxf5 h5 43. Bd3 h4 44. gxh4 gxh4 45. h3 Bd2 46. Kd4 Bc1 47. Ke4 Bd2 48. Kf3 Be1 49. e4 Bd2 50. Kg4 Be1 51. Be2 Bf2 52. Kf5 Bd4 53. Ke6 Bc3 54. Kd5 Be1 55. Kd6 Bd2 56. Ke6 Bc3 57. Kf5 Bd4 58. Kg4 Bf2 59. Bd3 Be1 60. Bc4 Bf2 61. Be2 Be1 62. Kf5 Bc3 63. Ke6 Bd4 64. Kd7 Bc3 65. Kc8 Be5 66. Bd3 Bf4 67. Kd7 Be5 68. Bc4 Bf4 69. Bd5 Be5 70. Bc6 Bf4 71. Ke7 Be5 72. Ke6 Bd4 73. Kd7 Be5 74. Kc8 Bf4 75. Bd5 Be5 76. Kd7 Bf4 77. a7 Kxa7 78. Kc6 Be3 79. Kc7 Bf4+ 80. Kc6 Be3 81. Bc4 Bf2 82. Be2 Be3 83. Kd5 Kb6 84. Ke6 Bd4 85. Kf5 Bc3 86. Kg4 Be1 87. Kh5 Bf2 88. Kg6 Bd4 89. Kh5 Bf2 90. Kg4 Be1 91. Kf5 Bc3 92. Bf1 Bd4 93. Be2 Bc3 1/2-1/2


[Site "https://www.chess.com"]

[Event "Titled Tuesday Blitz July 20 2021"]
[White "Lejean-Anusca, Madalina-Maria"]
[Black "Pham, Le Thao Nguyen"]
[WhiteFideId "1215396"]
[BlackFideId "12401226"]
[WhiteElo "2011"]
[BlackElo "2286"]
[Result "0-1"]
[Round "02"]
[TimeControl "180+1"]
[Date "2021.07.21"]
[WhiteClock "0:01:24"]
[BlackClock "0:00:10"]

1. Nf3 d5 2. b3 c6 3. Bb2 Bf5 4. e3 Nd7 5. Be2 Ngf6 6. O-O h6 7. d3 e6 8. c4 Be7 9. a3 O-O 10. Nbd2 a5 11. Nd4 Bh7 12. N4f3 Qb6 13. Bd4 c5 14. Bc3 Rfd8 15. Rb1 Qc7 16. Ra1 e5 17. cxd5 Nxd5 18. Rc1 Nxc3 19. Rxc3 b6 20. Nc4 Bf8 21. a4 e4 22. dxe4 Nf6 23. Qa1 Nxe4 24. Rcc1 Nd6 25. Nxd6 Bxd6 26. h3 Qe7 27. Nd2 Bh2+ 28. Kxh2 Rxd2 29. Bc4 Rad8 30. Kg1 Be4 31. Rcd1 Qg5 32. g3 Qh5 33. Rxd2 Qf3 34. Rxd8+ Kh7 35. Kh2 Qg2# 0-1


[Site "https://www.chess.com"]

[Event "Titled Tuesday Blitz July 20 2021"]
[White "Liu, Manli"]
[Black "Aradhya, Garg"]
[WhiteFideId "8608121"]
[BlackFideId "25006746"]
[WhiteElo "2061"]
[BlackElo "2146"]
[Result "0-1"]
[Round "02"]
[TimeControl "180+1"]
[Date "2021.07.21"]
[WhiteClock "0:00:10"]
[BlackClock "0:00:06"]

1. e4 e5 2. Nf3 Nc6 3. Bb5 a6 4. Ba4 Nf6 5. d3 b5 6. Bb3 Bc5 7. c3 O-O 8. Nbd2 d5 9. Qe2 Be6 10. O-O Re8 11. Ng5 Bg4 12. Ngf3 h6 13. Rd1 Qd7 14. Nf1 Rad8 15. Ne3 Be6 16. Nf1 a5 17. Ng3 a4 18. Bc2 d4 19. a3 Bg4 20. h3 Be6 21. Nh4 Bf8 22. Nhf5 Kh7 23. Qf3 Ng8 24. Nh4 g6 25. Ne2 Qe7 26. Qg3 Qf6 27. Nf3 Bc5 28. cxd4 Nxd4 29. Nexd4 Bxd4 30. Nxd4 Rxd4 31. Be3 Rd7 32. Rd2 Ne7 33. Rad1 Nc6 34. Bb1 Nd4 35. f4 exf4 36. Bxf4 Nb3 37. Rf2 Qe7 38. Be3 c5 39. Qf4 g5 40. Qg3 Qd6 41. e5 Qe7 42. Qf3 Nd4 43. Qe4+ Kg7 44. Rf6 Bd5 45. Qg4 Qxe5 46. Rdf1 Qxe3+ 47. Kh1 Be6 48. Qh5 Rh8 49. Qd1 Qe2 50. Qxe2 Nxe2 51. R6f3 Nd4 52. R3f2 f5 53. Kh2 Re8 54. Re1 Rde7 55. Bc2 Bb3 56. Rxe7+ Rxe7 57. Bxb3 axb3 58. Kg3 Re2 59. Rxe2 Nxe2+ 60. Kf3 Nd4+ 61. Ke3 Kg6 62. Kd2 Kf6 63. Kc3 Ke5 64. Kd2 h5 65. g3 h4 0-1


[Site "https://www.chess.com"]

[Event "Titled Tuesday Blitz July 20 2021"]
[White "Locci, Damiano"]
[Black "Ozen, Bahadir"]
[WhiteFideId "819751"]
[BlackFideId "6337058"]
[WhiteElo "2413"]
[BlackElo "2503"]
[Result "1/2-1/2"]
[Round "02"]
[TimeControl "180+1"]
[Date "2021.07.21"]
[WhiteClock "0:00:25"]
[BlackClock "0:00:25"]

1. e4 c6 2. d4 d5 3. exd5 cxd5 4. Bd3 Nf6 5. Nf3 Bg4 6. c3 e6 7. Bf4 Nc6 8. O-O Bd6 9. Bxd6 Qxd6 10. Nbd2 O-O 11. Qe1 Ne7 12. Ne5 Bf5 13. Qe2 Bxd3 14. Qxd3 Nd7 15. f4 f6 16. Nxd7 Qxd7 17. Rae1 Nf5 18. Re2 Nd6 19. Rfe1 Rfe8 20. Qh3 Nf5 21. Nf1 Re7 22. Ne3 Rae8 23. Nxf5 exf5 24. Qd3 Rxe2 25. Rxe2 Re4 26. g3 Qe8 27. Kf2 Qh5 28. Kf1 Qh3+ 29. Kg1 Qg4 30. Kf1 Qh5 31. b3 b5 32. a4 a6 33. axb5 axb5 34. Rxe4 fxe4 35. Qxb5 Qd1+ 36. Kf2 Qd2+ 37. Kf1 Qd1+ 38. Kf2 Qd2+ 39. Kf1 Qd1+ 1/2-1/2


[Site "https://www.chess.com"]

[Event "Titled Tuesday Blitz July 20 2021"]
[White "LuckSlayeer"]
[Black "Howell, David W L"]
[BlackFideId "410608"]
[WhiteElo "2535"]
[BlackElo "2643"]
[Result "0-1"]
[Round "02"]
[TimeControl "180+1"]
[Date "2021.07.20"]
[WhiteClock "0:00:01"]
[BlackClock "0:00:17"]

1. Nf3 Nc6 2. e4 e5 3. d4 exd4 4. Nxd4 Nf6 5. Nxc6 bxc6 6. e5 Qe7 7. Qe2 Nd5 8. h4 f6 9. c4 Nb6 10. exf6 Qxe2+ 11. Bxe2 gxf6 12. b3 Bb4+ 13. Kf1 d5 14. cxd5 cxd5 15. Bb2 Kf7 16. h5 a5 17. Rh4 Bd6 18. Nc3 c6 19. h6 Bf5 20. Rd1 Rhe8 21. Bh5+ Bg6 22. Bf3 Be5 23. Ba1 Red8 24. Ne2 a4 25. Bxe5 fxe5 26. b4 a3 27. Nc3 Ra7 28. Be2 Na4 0-1


[Site "https://www.chess.com"]

[Event "Titled Tuesday Blitz July 20 2021"]
[White "Luo, Terry"]
[Black "Lovkov, Roman"]
[WhiteFideId "30931045"]
[BlackFideId "4157389"]
[WhiteElo "2459"]
[BlackElo "2723"]
[Result "0-1"]
[Round "02"]
[TimeControl "180+1"]
[Date "2021.07.21"]
[WhiteClock "0:00:23"]
[BlackClock "0:00:21"]

1. d4 Nf6 2. c4 g6 3. Nc3 d5 4. cxd5 Nxd5 5. e4 Nxc3 6. bxc3 Bg7 7. Nf3 c5 8. Rb1 O-O 9. Be2 b6 10. O-O Bb7 11. Qd3 e6 12. Bg5 Qc7 13. Qe3 Nd7 14. Bh6 Bxh6 15. Qxh6 Bxe4 16. Ng5 Nf6 17. Rbe1 Rfd8 18. Bb5 Bd5 19. c4 Bb7 20. dxc5 Qxc5 21. Re3 Qf8 22. Qh4 Qg7 23. Rfe1 h6 24. Nxe6 fxe6 25. Rxe6 Rf8 26. c5 Bd5 27. Re7 Rf7 28. Rxf7 Bxf7 29. c6 a6 30. Ba4 b5 31. Bd1 Rc8 32. Bf3 Bd5 33. Qh3 Rxc6 34. Bxd5+ Nxd5 35. Qd3 Qf7 36. g3 Re6 37. Rc1 Nf6 38. Qd8+ Re8 39. Qd6 Re7 40. Rc6 Kg7 41. Rxa6 Re1+ 42. Kg2 Qd5+ 43. Qxd5 Nxd5 44. Ra5 Nc3 45. Ra3 b4 46. Rb3 Rb1 47. Rxb1 Nxb1 0-1


[Site "https://www.chess.com"]

[Event "Titled Tuesday Blitz July 20 2021"]
[White "McDonald, Mike"]
[Black "Molina, Roberto Junio Brito"]
[WhiteFideId "2635682"]
[BlackFideId "2109450"]
[WhiteElo "2468"]
[BlackElo "2748"]
[Result "0-1"]
[Round "02"]
[TimeControl "180+1"]
[Date "2021.07.21"]
[WhiteClock "0:00:13"]
[BlackClock "0:00:13"]

1. e4 c6 2. d4 d5 3. exd5 cxd5 4. c4 Nf6 5. Nc3 e6 6. Nf3 Be7 7. c5 O-O 8. Bd3 b6 9. Be3 bxc5 10. dxc5 Nc6 11. Bb5 Bd7 12. h3 Qc7 13. O-O Rfe8 14. Bxc6 Bxc6 15. b4 Rab8 16. Rb1 a6 17. Bd4 Nd7 18. Re1 Bf8 19. Ne5 f6 20. Nxc6 Qxc6 21. Be3 Rbd8 22. a4 Qc8 23. Qc2 a5 24. Nb5 axb4 25. c6 Ne5 26. c7 Rd7 27. Bc5 Nc4 28. Bxb4 Qa6 29. Bxf8 Rxf8 30. Qb3 Rc8 31. Qb4 Kf7 32. Re2 Qb6 33. Rbe1 e5 34. Qc3 Nd6 35. Rb2 Nxb5 36. Rxb5 Qxc7 37. Qb4 Qc3 38. Rb1 Qxb4 39. R1xb4 d4 40. Rb7 Rcc7 41. Rxc7 Rxc7 42. a5 Rc1+ 43. Kh2 Ra1 44. Rb7+ Kg6 45. Ra7 h5 46. f3 h4 47. g3 Ra2+ 48. Kg1 hxg3 49. a6 d3 50. Rd7 d2 51. a7 Rxa7 52. Rxd2 Kf5 53. Kg2 Kf4 54. Rb2 Ra4 55. Rc2 f5 56. h4 g6 57. Rc6 Ra2+ 58. Kh3 Rh2# 0-1


[Site "https://www.chess.com"]

[Event "Titled Tuesday Blitz July 20 2021"]
[White "Mohammad Fahad, Rahman"]
[Black "Dixit, Arun"]
[WhiteFideId "10207791"]
[BlackFideId "30937671"]
[WhiteElo "2323"]
[BlackElo "2365"]
[Result "0-1"]
[Round "02"]
[TimeControl "180+1"]
[Date "2021.07.21"]
[WhiteClock "0:00:13"]
[BlackClock "0:00:26"]

1. c4 Nf6 2. g3 e5 3. Nc3 Nc6 4. Bg2 Bc5 5. e3 d6 6. Nge2 Bg4 7. O-O Qd7 8. a3 h5 9. h4 g5 10. hxg5 Nh7 11. Ne4 Bh3 12. d4 Bxg2 13. Kxg2 Qf5 14. f3 Nxg5 15. Nxg5 Qxg5 16. dxc5 O-O-O 17. Qd5 h4 18. g4 Rh7 19. Qe4 Rg7 20. Kh3 Ne7 21. Bd2 f5 22. Qc2 fxg4+ 23. Kh2 gxf3 24. Rg1 Qf6 25. Nc3 Rdg8 26. Ne4 Rg2+ 27. Kh1 Qe6 28. Nf2 R8g3 29. Rxg2 Rxg2 30. Bc3 Nf5 31. Ne4 Ng3+ 32. Nxg3 Qh3# 0-1


[Site "https://www.chess.com"]

[Event "Titled Tuesday Blitz July 20 2021"]
[White "Mokshanov, Alexey"]
[Black "Sarkar, Justin"]
[WhiteFideId "24121657"]
[BlackFideId "2010011"]
[WhiteElo "2262"]
[BlackElo "2072"]
[Result "1-0"]
[Round "02"]
[TimeControl "180+1"]
[Date "2021.07.21"]
[WhiteClock "0:01:12"]
[BlackClock "0:00:01"]

1. e4 e5 2. Nf3 Nc6 3. d4 Nf6 4. dxe5 Nxe4 5. Bd3 Nc5 6. O-O Nxd3 7. Qxd3 Be7 8. Nc3 d6 9. exd6 Qxd6 10. Nd5 Be6 11. c4 Bxd5 12. cxd5 O-O 13. Bg5 Ne5 14. Nxe5 Qxe5 15. Bxe7 Qxe7 16. Qb5 Rab8 17. Rac1 a6 18. Qa5 Rbc8 19. Rc3 Rfd8 20. h3 Qd6 21. Re1 h6 22. Rg3 Kh7 23. Qc3 Qf6 24. Qxf6 gxf6 25. Re7 1-0


[Site "https://www.chess.com"]

[Event "Titled Tuesday Blitz July 20 2021"]
[White "Nazari, Arad"]
[Black "Samsonkin, Artiom"]
[WhiteFideId "12577324"]
[BlackFideId "13503111"]
[WhiteElo "2153"]
[BlackElo "2513"]
[Result "0-1"]
[Round "02"]
[TimeControl "180+1"]
[Date "2021.07.21"]
[WhiteClock "0:01:00"]
[BlackClock "0:01:13"]

1. e4 c5 2. Nf3 d6 3. d4 cxd4 4. Nxd4 Nf6 5. Nc3 a6 6. f3 e5 7. Nb3 h5 8. Bg5 Be6 9. Qd2 Nbd7 10. a4 Be7 11. a5 Rc8 12. Be2 d5 13. exd5 Nxd5 14. Bxe7 Nxe7 15. O-O O-O 16. Qg5 Nd5 17. Qxh5 Nf4 0-1


[Site "https://www.chess.com"]

[Event "Titled Tuesday Blitz July 20 2021"]
[White "Noritsyn, Nikolay"]
[Black "Kotepalli, Sai Nirupama"]
[WhiteFideId "2604922"]
[BlackFideId "5039444"]
[WhiteElo "2718"]
[BlackElo "2458"]
[Result "1-0"]
[Round "02"]
[TimeControl "180+1"]
[Date "2021.07.21"]
[WhiteClock "0:00:53"]
[BlackClock "0:00:55"]

1. b3 Nc6 2. Bb2 Nf6 3. e3 d5 4. Nf3 Bf5 5. Bb5 a6 6. Bxc6+ bxc6 7. Ne5 c5 8. d3 e6 9. g4 Bg6 10. h4 h5 11. g5 Nd7 12. Nxg6 fxg6 13. Nd2 e5 14. Qf3 c6 15. c4 dxc4 16. Nxc4 Qc7 17. Qe4 O-O-O 18. Bc3 Qb7 19. Ba5 Re8 20. Qxg6 Be7 21. Ke2 Kb8 22. Rac1 Ref8 23. Rhf1 Qc8 24. Qxg7 Re8 25. Qg6 Ref8 26. Bc3 Qc7 27. Qe4 Bd6 28. Ba5 1-0


[Site "https://www.chess.com"]